 Dungeon Crawl Stone Soup version 0.28.0-53-g5a82cb258f (webtiles) character file.

Game seed: 11212813220933603588

835 hawla the Magician (level 7, -3/37 HPs)
             Began as a Deep Elf Air Elementalist on June 17, 2022.
             Was an Initiate of Vehumet.
             Slain by Maggie
             ... wielding a +2 vorpal glaive
              (8 damage)
             ... on level 6 of the Dungeon.
             The game lasted 00:17:02 (7504 turns).

hawla the Magician (Deep Elf Air Elementalist)      Turns: 7504, Time: 00:17:02

Health: -3/37      AC:  4    Str:  8    XL:     7   Next: 66%
Magic:  11/19      EV: 14    Int: 21    God:    Vehumet [......]
Gold:   220        SH:  0    Dex: 16    Spells: 16/19 levels left

rFire   + . .      SeeInvis .   f - +2 dagger (drain)
rCold   . . .      Faith    .   (no shield)
rNeg    . . .      Spirit   .   a - +0 robe
rPois   .          Reflect  .   d - +0 helmet
rElec   .          Harm     .   (no cloak)
rCorr   .          Rampage  .   (no gloves)
Will    .....                   (no boots)
Stlth   +++.......              i - amulet of the acrobat
HPRegen 0.12/turn               b - ring of the Octopus King {rF+ AC+1 EV+1 Str+1 Int+1 Dex+1}
MPRegen 0.16/turn               (no ring)

@: brilliant
A: no striking features
a: Renounce Religion


You were on level 6 of the Dungeon.
You worshipped Vehumet.
Vehumet was noncommittal.
You visited 2 branches of the dungeon, and saw 7 of its levels.

You collected 220 gold pieces.

Inventory:

Hand Weapons
 f - a +2 dagger of draining (weapon)
Missiles
 h - 3 boomerangs
 l - 8 atropa-tipped darts
 m - 20 poisoned darts (quivered)
Armour
 a - a +0 robe (worn)
 d - a +0 helmet (worn)
Jewellery
 b - a ring of the Octopus King (left hand) {rF+ AC+1 EV+1 Str+1 Int+1 Dex+1}
   (You found it on level 3 of the Dungeon)

   [ring of protection from fire]

   AC:        It affects your AC (+1).
   EV:        It affects your evasion (+1).
   Str:       It affects your strength (+1).
   Int:       It affects your intelligence (+1).
   Dex:       It affects your dexterity (+1).
   rF:        It protects you from fire.
 i - an amulet of the acrobat (around neck)
Scrolls
 c - a scroll of teleportation
 e - a scroll of enchant armour {unknown}
 n - a scroll of blinking
 o - 2 scrolls of enchant weapon {unknown}
 s - a scroll of identify
Potions
 g - a potion of might
 k - 2 potions of ambrosia {unknown}
 p - a potion of curing {unknown}
 q - a potion of lignification {unknown}


   Skills:
 + Level 0.4 Fighting
 + Level 1.2 Short Blades
 + Level 3.7 Dodging
 + Level 4.2 Stealth
 + Level 6.8 Spellcasting
 + Level 4.6 Conjurations
 + Level 5.1 Air Magic


You had 16 spell levels left.
You knew the following spells:

 Your Spells              Type           Power      Damage    Failure   Level
a - Shock                 Conj/Air       100%       1d9       1%          1
b - Static Discharge      Conj/Air       41%        N/A       1%          2

Your spell library contained the following spells:

 Spells                   Type           Power      Damage    Failure   Level
 Swiftness                Air            43%        N/A       3%          3
 Airstrike                Air            21%        N/A       11%         4
 Frozen Ramparts          Ice            20%        1d4       26%         3
 Ice Form                 Ice/Tmut       10%        N/A       65%         4
 Summon Ice Beast         Ice/Summ       10%        N/A       65%         4


Dungeon Overview and Level Annotations

Branches:
Dungeon (6/15)             Temple (1/1) D:5

Altars:
Ashenzari
Cheibriados
Dithmenos
Elyvilon
Fedhas
Gozag
Hepliaklqana
Kikubaaqudgha
Makhleb
Nemelex Xobeh
Okawaru
Qazlal
Ru
Sif Muna
Trog
Uskayaw
Vehumet
Xom
Yredelemnul
Zin
The Shining One

Annotations:
D:3 Natasha
D:6 Maggie


Message History

The zap misses Maggie.
Maggie hits you from afar with a +2 vorpal glaive.
Maggie mutters to herself, "Master Lance won't take me back.
This is the way forward."
Maggie completely misses you.
Casting: Shock (safe; 1% risk of failure)
Confirm with . or Enter, or press ? or * to list all spells.
Maggie is struck by an arc of lightning!
Maggie is heavily wounded.
You are struck by an arc of lightning.
The lightning grounds out.
Maggie hits you with a +2 vorpal glaive!
You cannot move away from Maggie!
You feel much better.
Maggie hits you with a +2 vorpal glaive!!
Ouch! That really hurt!
* * * LOW HITPOINT WARNING * * *
Okay, then.
You aren't carrying any items that you can evoke.
It was a potion of brilliance.
You feel clever all of a sudden. Maggie misses you.
Casting: Static Discharge (safe; 1% risk of failure)
Confirm with . or Enter, or press ? or * to list all spells.
Aiming: Shock (safe; 1% risk of failure)
Press: ? - help, Shift-Dir - straight line, f/p - Maggie
Aim: Maggie, wielding a +2 vorpal glaive and wearing +0 steam dragon scales (moderately wounded, mesmerising, 74% to hit)
You feel a surge of power!
The zap hits Maggie but does no damage.
Maggie is moderately wounded.
Maggie hits you with a +2 vorpal glaive.
* * * LOW HITPOINT WARNING * * *
x2
Casting: Shock (safe; 1% risk of failure)
Confirm with . or Enter, or press ? or * to list all spells.
You feel a surge of power!
Maggie is struck by an arc of lightning!
Maggie is heavily wounded.
You are struck by an arc of lightning.
* * * LOW HITPOINT WARNING * * *
The lightning grounds out.
You break out of your daze.
Maggie hits you with a +2 vorpal glaive!
You die...

... ... ... #.# #.#
#.# #@# #@# ######?##
#.......# #.####..#
#.# #..#
#.####..######
########.##.....<....
#...............#####
####.######.###...##


You could see Maggie.

Vanquished Creatures
  A wyvern (D:5)
  Sigmund (D:2)
  An ogre (D:4)
  A scorpion (D:5)
  A water moccasin skeleton (D:5)
  A bullfrog skeleton (D:6)
  A hound (D:4)
  A jelly (D:4)
  Natasha (D:3)
  2 iguanas (D:4)
  4 gnolls (D:6)
  4 adders
  2 worms
  2 dart slugs (D:2)
  5 orcs
  6 endoplasms
  2 giant cockroaches
  11 hobgoblins
  6 jackals (D:1)
  9 kobolds
  3 quokkas (D:1)
  13 ball pythons
  7 bats
  3 frilled lizards
  7 goblins
  9 rats
104 creatures vanquished.

Notes
Turn   | Place    | Note
-------+----------+-------------------------------------------
     0 | D:1      | hawla the Deep Elf Air Elementalist began the quest for the
                  | Orb.
     0 | D:1      | Reached XP level 1. HP: 10/10 MP: 6/6
   379 | D:1      | Reached XP level 2. HP: 15/15 MP: 2/8
   476 | D:1      | Learned a level 2 spell: Static Discharge
   948 | D:1      | Reached XP level 3. HP: 19/19 MP: 4/9
  1757 | D:2      | Found a faded altar of an unknown god.
  2081 | D:2      | Found a shadowy altar of Dithmenos.
  2365 | D:2      | Reached XP level 4. HP: 18/24 MP: 7/11
  2367 | D:2      | Noticed Sigmund
  2454 | D:2      | Killed Sigmund
  2455 | D:2      | Reached skill level 4 in Spellcasting
  2455 | D:2      | Reached XP level 5. HP: 8/28 MP: 2/14
  3283 | D:3      | Reached skill level 5 in Spellcasting
  3370 | D:3      | Found the ring of the Octopus King
  3375 | D:3      | Identified a ring of the Octopus King {rF+ AC+1 EV+1 Str+1
                  | Int+1 Dex+1}
  3537 | D:3      | Noticed Natasha
  3545 | D:3      | Killed Natasha
  3550 | D:3      | Reached XP level 6. HP: 13/32 MP: 5/16
  3881 | D:3      | Noticed Natasha
  4364 | D:4      | Reached skill level 1 in Short Blades
  5095 | D:4      | HP: 1/32 [ogre/+0 giant spiked club (14)]
  5681 | D:4      | Reached skill level 6 in Spellcasting
  6074 | D:5      | Entered Level 5 of the Dungeon
  6238 | D:5      | Reached XP level 7. HP: 22/36 MP: 11/18
  6364 | D:5      | Found a glowing silver altar of Zin.
  6364 | D:5      | Found an opulent altar of Gozag.
  6385 | D:5      | Noticed a troll
  6800 | D:5      | Found a white marble altar of Elyvilon.
  6930 | D:5      | Noticed a wyvern
  6959 | D:5      | Found a staircase to the Ecumenical Temple.
  6966 | Temple   | Entered the Ecumenical Temple
  7104 | Temple   | Became a worshipper of Vehumet
  7168 | D:5      | Killed a wyvern
  7169 | D:5      | Reached skill level 5 in Air Magic
  7492 | D:6      | Noticed Maggie
  7504 | D:6      | Slain by Maggie

Illustrated notes

Levels and vault maps discovered:
D:1:      minmay_arrival_up_and_down, layout_basic, minmay_small_reverse_x
D:2:      layout_basic, basic_altar, nicolae_ecumenical_pavilion,
          minmay_misc_feat_x, uniq_sigmund
D:3:      layout_basic, minmay_checkerbox, uniq_natasha
D:4:      layout_layer_cave
D:5:      layout_gridville, grunt_temple_overflow_gold_and_silver,
          elyvilon_altar_5, temple_green
D:6:      layout_loops_corners, mainiacjoe_overflow_six_doors_small,
          uniq_maggie, uniq_edmund
Temple:   regret_index_temple_mists

Skill      XL: |  1  2  3  4  5  6  7 |
---------------+----------------------+-----
Conjurations   | 2 3 4 |  4.6
Stealth        | 3 4 |  4.2
Spellcasting   | 4 5 6 |  6.8
Air Magic      | 4 5 |  5.1
Dodging        | 3 |  3.7
Short Blades   | 1 |  1.2
Fighting       | |  0.4

Action                   |  1- 3 |  4- 6 |  7- 9 || total
-------------------------+-------+-------+-------++-------
Melee: Unarmed           |     1 |       |       ||     1
       Dagger            |     7 |    29 |     6 ||    42
 Cast: Shock             |    93 |    48 |    18 ||   159
       Static Discharge  |    12 |    28 |    10 ||    50
  Use: Scroll            |     5 |     4 |       ||     9
       Potion            |       |     2 |     2 ||     4
 Stab: Sleeping          |     1 |     4 |       ||     5
Armor: Robe              |     7 |     7 |     3 ||    17
Dodge: Dodged            |    18 |    40 |    16 ||    74
